AoeStats
← rabbit o sea conejo

Lombardia

510232246Analyzed
4v4 RM · 1d ago on Sep 30, 2026· 26m 30s· 8 players
Game mode
Random Map
Map size
Large (8 player)
Population
200
Speed
Normal
Resources
Standard
Victory
Conquest
Starting age
Dark Age
Ending age
Imperial Age
RankedLock teamsTeams togetherTeam positionsShared explorationLock speedFull tech treeHidden civsTurbo modeCheats
Victory
Defeat
🇺🇸 Burmese · United States
1353
+11
🇦🇺 Varangians · Australia
1319
+12
🇳🇿 Spanish · New Zealand
1201
+16
🇯🇵 Saxons · Japan
1156
+18
🇦🇷 Turks · Argentina
1245
-15
🇦🇷 Spanish · Argentina
1223
-14
🇺🇸 Spanish · United States
1219
-14
🇦🇷 Bengalis · Argentina
1208
-14
Nighthawk
7:34 Loom
9:34 Feudal Age
17:28 Castle Age
16:44 Horse Collar
16:51 Double-Bit Axe
19:06 Bloodlines
25:12 Fortified Wall
Maxi24875
1:03 Loom
10:42 Feudal Age
14:20 Castle Age
12:33 Double-Bit Axe
14:54 Loom
MateoargeAOE
12:04 Feudal Age
17:33 Castle Age
16:46 Double-Bit Axe
19:16 Wheelbarrow
19:30 Stone Mining
20:00 Stone Mining
24:08 Elite Skirmisher
rabbit o sea conejo
8:17 Loom
12:52 Feudal Age
18:13 Castle Age
16:35 Gold Mining
16:33 Double-Bit Axe
16:30 Horse Collar
21:25 Forging
21:20 Scale Barding Armor
22:41 Bloodlines
22:34 Husbandry
Lobby Link
10:02 Feudal Age
8:19 Loom
10:35 Horse Collar
20:21 Castle Age
19:19 Scale Barding Armor
19:16 Gold Mining
20:52 Forging
22:16 Gold Shaft Mining
22:35 Bloodlines
22:33 Husbandry
24:13 Wheelbarrow
LoomOrDoom
12:22 Feudal Age
16:22 Castle Age
14:20 Double-Bit Axe
14:41 Gold Mining
15:12 Fletching
15:36 Loom
15:53 Padded Archer Armor
17:23 Husbandry
19:11 Bodkin Arrow
21:19 Leather Archer Armor
21:21 Bloodlines
23:40 Bow Saw
25:56 Horse Collar
Ferraa
11:20 Feudal Age
12:04 Loom
15:13 Castle Age
13:44 Double-Bit Axe
15:45 Gold Mining
15:51 Horse Collar
17:46 Wheelbarrow
20:49 Fletching
21:20 Bow Saw
Hemsy124
7:07 Loom
9:25 Feudal Age
10:15 Double-Bit Axe
13:12 Bloodlines
18:19 Scale Barding Armor
18:27 Forging
22:48 Castle Age
22:19 Horse Collar
24:11 Husbandry
24:18 Scale Barding Armor
24:48 Iron Casting
27:04 Chain Barding Armor
Connection lost

Rejoining the realm…

Still unreachable

The connection could not be restored.

Session expired

The server has moved on; the page needs a fresh start.